 Dungeon Crawl Stone Soup version 0.19-a0-957-gf4ea323 (webtiles) character file.

42 JeffiDaFish the Sneak (level 3, 0/16 HPs)
             Began as a Spriggan Enchanter on July 10, 2016.
             Succumbed to an adder's poison
             ... on level 2 of the Dungeon.
             The game lasted 00:04:40 (1116 turns).

JeffiDaFish the Sneak (Spriggan Enchanter)          Turns: 1116, Time: 00:04:41

Health: 0/16       AC:  3    Str:  4    XL:     3   Next: 33%
Magic:  8/8        EV: 19    Int: 17    God:
Gold:   102        SH:  0    Dex: 16    Spells: 1 memorised, 6 levels left

rFire  x . .     SeeInvis +     a - +1 dagger
rCold  + . .     Gourm    .     b - +1 robe
rNeg   . . .     Faith    .     (shield restricted)
rPois  .         Spirit   .     (helmet restricted)
rElec  .         Dismiss  .     (no cloak)
rCorr  .         Reflect  .     (gloves unavailable)
SustAt .         Harm     .     (boots unavailable)
MR     .....                    (no amulet)
Stlth  +++.......               (no ring)
                                h - ring of ice

@: lethally poisoned (0 -> -14), very quick, not resistant to hostile
enchantments, fairly stealthy
A: unfitting armour, see invisible, herbivore 3, speed 3, slow metabolism 2
a: no special abilities


You were on level 2 of the Dungeon.
You were not hungry.

You visited 1 branch of the dungeon, and saw 2 of its levels.

You collected 102 gold pieces.

Inventory:

Hand Weapons
 a - a +1 dagger (weapon)
Armour
 b - a +1 robe (worn)
Jewellery
 h - a ring of ice (left hand)
Scrolls
 e - a scroll of teleportation
Potions
 g - 2 potions of curing {unknown}
 i - 2 potions of heal wounds {unknown}
Books
 c - a book of Maledictions

   Spells                             Type                      Level
   a - Corona                         Hexes                        1
   b - Ensorcelled Hibernation        Hexes/Ice                    2
   c - Confuse                        Hexes                        3
   d - Tukima's Dance                 Hexes                        3
   e - Dazzling Spray                 Conjuration/Hexes            3
Comestibles
 d - 2 bread rations
 f - a royal jelly


   Skills:
 + Level 0.1 Fighting
 + Level 1.2 Short Blades
 + Level 3.8 Dodging
 + Level 5.1 Stealth
 + Level 2.9 Spellcasting
 + Level 4.2 Hexes


You had 6 spell levels left.
You knew the following spells:

 Your Spells              Type           Power        Failure   Level  Hunger
a - Corona                Hex            ###....      2%          1    None


Dungeon Overview and Level Annotations

Branches:
Dungeon (2/15)

Altars:


Innate Abilities, Weirdness & Mutations

You are tiny and cannot use many weapons and most armour.
You have supernaturally acute eyesight. (SInv)
You are a herbivore.
You cover ground extremely quickly.
You need consume almost no food.


Message History

The adder misses you.
You closely miss the adder.
The adder is almost dead.
The adder completely misses you.
You closely miss the adder.
The adder is almost dead.
* * * LOW HITPOINT WARNING * * *
You feel sick. The adder barely misses you.
You barely miss the adder.
The adder is almost dead.
The adder bites you.
* * * LOW HITPOINT WARNING * * *
You are more poisoned.
The adder poisons you! The adder bites you.
* * * LOW HITPOINT WARNING * * *
You are more poisoned.
The adder poisons you!
You barely miss the adder.
The adder is almost dead.
You die...

..# # ##....###.## .#.......
... #########. ......#
(.##.##......... #....
..............#
##.####..#.#..@S....# .#
###............####.#####.#
.##<.............##.###...##
...........##.##.##........##
.........####. #............##
....#>.#...##. ##............#
###......#.##.###............#
.###.........................#
..#....#.##.....†...........#


You could see an adder.

Vanquished Creatures
  A gnoll (D:1)
  An ooze (D:1)
  A dart slug (D:2)
  A giant cockroach (D:2)
  2 hobgoblins (D:2)
  2 ball pythons
  6 bats
  2 giant newts
  4 goblins
  5 kobolds
  4 rats
29 creatures vanquished.

Notes
Turn   | Place    | Note
-------+----------+-------------------------------------------
     0 | D:1      | JeffiDaFish the Spriggan Enchanter began the quest for the Orb.
     0 | D:1      | Reached XP level 1. HP: 9/9 MP: 5/5
   339 | D:1      | Reached XP level 2. HP: 13/13 MP: 6/6
   874 | D:2      | Reached XP level 3. HP: 11/16 MP: 8/8
   901 | D:2      | Reached skill level 5 in Stealth
  1116 | D:2      | Succumbed to an adder's poison

Vault maps used:
D:1:      dpeg_arrival_tiny_i

Skill      XL: |  1  2  3 |
---------------+----------+-----
Hexes          | 4 |  4.2
Stealth        | 5 |  5.1
Fighting       | |  0.1
Short Blades   | |  1.2
Dodging        | |  3.8
Spellcasting   | |  2.9

Action                   || total
-------------------------++-------
Melee: Dagger            ||   105
 Cast: Corona            ||     3
  Use: Scroll            ||     1
 Stab: Sleeping          ||    11
Armor: Robe              ||     7
Dodge: Dodged            ||    81
